 Dungeon Crawl Stone Soup version 0.32-a0-338-g4f8ebfe (webtiles) character file.

Game seed: 10753408256583076871

12468708 Anonymous1 the Middleweight Champion (level 27, 273/273 HPs)
             Began as a Ghoul Monk on Feb 15, 2024.
             Was the Champion of Ru.
             Escaped with the Orb
             ... and 15 runes on Feb 17, 2024!
             The game lasted 05:16:02 (129610 turns).

Anonymous1 the Middleweight Champion (Ghoul Monk) Turns: 129610, Time: 05:16:03

Health: 273/273    AC: 46    Str: 27    XL:     27
Magic:  47/47      EV:  8    Int: 11    God:    Ru [******]
Gold:   15215      SH: 30    Dex: 13    Spells: 35/48 levels left

rFire   + .          .
                       - Unarmed
rCold   + + .        u - +6 tower shield of Farfalle {Fly Slay+2}
rNeg    + + +        F - +6 gold dragon scales
rPois   ∞            P - +1 helmet "Lathraci" {Will+}
rElec   +            g - +0 cloak "Rejeust" {rC+ Regen+ MP+9}
rCorr   +            D - +2 pair of gloves of Mirth {rF+}
SInv    .            s - +2 pair of boots of Cloud Cover {+Blink}
Will    ++++.        K - amulet of Vitality {RegenMP++ Regen++} Stlth
                     t - ring of Fuesk {Fly rElec Will+ Int+2}
HPRegen 3.05/turn    Z - ring "Tihut" {Fly rCorr Dex+2 Slay+4}
MPRegen 1.10/turn

%: no passive effects
@: flying, studying 4 skills
A: claws 1, cold resistance 1, dopey 1, negative energy resistance 3, inhibited
regeneration, torment resistance 2, no stealth, inability to train dodging, no
ice magic, no necromancy magic, no alchemy magic, disrupted magic 1, unskilled
1, temperature sensitive, devour on kill
0: Orb of Zot
}: 15/15 runes: serpentine, barnacled, slimy, silver, golden, iron, obsidian,
icy, bone, abyssal, demonic, glowing, magical, fiery, dark
a: Renounce Religion, Evoke Blink, Draw Out Power, Power Leap, Apocalypse


You escaped.
You worshipped Ru.
Ru was exalted by your worship.
You visited 18 branches of the dungeon, and saw 87 of its levels.
You visited Pandemonium 2 times, and saw 22 of its levels.
You visited the Abyss 2 times.
You also visited: Trove, Ice Cave and Volcano.

You collected 17829 gold pieces.
You spent 2614 gold pieces at shops.

Inventory:

Hand Weapons
 H - the +11 Singing Sword {sonic wave}
   (You found it on level 7 of Cocytus)
Missiles
 c - 27 javelins
 W - 16 silver javelins (quivered)
 X - 2 throwing nets
Armour
 g - the +0 cloak "Rejeust" (worn) {rC+ Regen+ MP+9}
   (You found it in a treasure trove)

   rC+:       It protects you from cold.
   MP+9:      It affects your magic capacity (+9).
   Regen+:    It increases your rate of health regeneration.
 s - the +2 pair of boots of Cloud Cover (worn) {+Blink}
   (You found it in a treasure trove)

   +Blink:    It lets you blink.
 u - the +6 tower shield of Farfalle (worn) {Fly Slay+2}
   (You found it in a treasure trove)

   Slay+2:    It affects your accuracy & damage with ranged weapons and melee
   (+2).
   Fly:       It grants you flight.
 D - the +2 pair of gloves of Mirth (worn) {rF+}
   (You found it in a treasure trove)

   rF+:       It protects you from fire.
 F - +6 gold dragon scales (worn)
 P - the +1 helmet "Lathraci" (worn) {Will+}
   (You found it in a treasure trove)

   Will+:     It increases your willpower.
Jewellery
 t - the ring of Fuesk (left hand) {Fly rElec Will+ Int+2}
   (You found it in Pandemonium)

   [ring of flight]

   Int+2:     It affects your intelligence (+2).
   rElec:     It insulates you from electricity.
   Will+:     It increases your willpower.
   Fly:       It grants you flight.
 G - the ring "Jewoff" {Wiz rC+ Str+5 Int+4}
   (You found it on level 3 of the Crypt)

   [ring of wizardry]

   Wiz:       It improves your spell success rate.
   Str+5:     It affects your strength (+5).
   Int+4:     It affects your intelligence (+4).
   rC+:       It protects you from cold.
 J - the necklace of Bloodlust {Fury *Rage Will++ Int-3 Slay+6}
   (You found it on level 4 of the Lair of Beasts)

   [amulet of nothing]

   Fury:      It extends the wearer's berserk rage when killing foes.
   Int-3:     It affects your intelligence (-3).
   Slay+6:    It affects your accuracy & damage with ranged weapons and melee
   (+6).
   Will++:    It greatly increases your willpower.
   *Rage:     It berserks you when you make melee attacks (+50% chance).
 K - the amulet of Vitality (around neck) {RegenMP++ Regen++}
   (You took it off a deep elf demonologist on level 3 of the Elven Halls)

   [amulet of magic regeneration]

   RegenMP:   It increases your rate of magic regeneration.
   Regen++:   It increases your rate of health regeneration.
 Q - a ring of see invisible
 V - the ring of Doiseca {Fire rPois rN+ Will+++ Stlth-}
   (You took it off a daeva in Pandemonium)

   [ring of fire]

   Fire:      It enhances your fire magic.
   rF+:       It protects you from fire.
   rC-:       It makes you vulnerable to cold.
   rPois:     It protects you from poison rN+: It protects you from negative
   energy.
   Will+++:   It greatly increases your willpower.
   Stlth-:    It makes you less stealthy.
 Y - a ring of protection from fire
 Z - the ring "Tihut" (right hand) {Fly rCorr Dex+2 Slay+4}
   (You found it in Pandemonium)

   [ring of resist corrosion]

   Dex+2:     It affects your dexterity (+2).
   Slay+4:    It affects your accuracy & damage with ranged weapons and melee
   (+4).
   Fly:       It grants you flight.
   rCorr:     It protects you from acid and corrosion.
Wands
 i - a wand of iceblast (92)
 n - a wand of paralysis (126)
 A - a wand of polymorph (89)
 B - a wand of digging (23)
 E - a wand of light (80)
Scrolls
 a - 22 scrolls of fog
 f - 35 scrolls of teleportation
 h - 5 scrolls of fear
 m - 4 scrolls of blinking
 q - 11 scrolls of poison
 r - 20 scrolls of immolation
 y - 4 scrolls of silence
 C - 10 scrolls of vulnerability
 I - 6 scrolls of butterflies
 N - 6 scrolls of torment
Potions
 b - 15 potions of ambrosia
 d - 14 potions of attraction
 e - 3 potions of haste
 j - 4 potions of cancellation
 k - 12 potions of heal wounds
 o - 8 potions of invisibility
 v - 5 potions of might
 w - 8 potions of enlightenment
 x - 35 potions of curing
 R - 3 potions of resistance
 S - 9 potions of magic
Miscellaneous
 l - a phial of floods
 p - a phantom mirror
 z - a box of beasts
 L - a figurine of a ziggurat
 M - a tin of tremorstones (2/2)
 O - a lightning rod (4/4)
 U - the horn of Geryon (inert)


   Skills:
 O Level 27 Fighting
 + Level 19.8 Throwing
 O Level 27 Armour
 O Level 27 Shields
 O Level 27 Unarmed Combat
 - Level 11.3 Spellcasting
 - Level 16.1 Translocations
 + Level 18.0 Evocations


You had 35 spell levels left.
You knew the following spells:

 Your Spells              Type           Power      Damage    Failure   Level
a - Lesser Beckoning      Tloc           82%        N/A       1%          2
b - Passage of Golubria   Tloc           41%        N/A       1%          4
f - Manifold Assault      Tloc           41%        N/A       1%          4
A - Apportation           Tloc           82%        N/A       1%          1
B - Blink                 Tloc           82%        N/A       1%          2

Your spell library contained the following spells:

 Spells                   Type           Power      Damage    Failure   Level
 Gell's Gravitas          Tloc           41%        N/A       1%          3
 Teleport Other           Tloc           41%        N/A       1%          3
 Volatile Blastmotes      Fire/Tloc      48%        2d14      12%         3
 Dispersal                Tloc           20%        N/A       21%         6
 Dimensional Bullseye     Hex/Tloc       12%        N/A       34%         4
 Iskenderun's Mystic Bla  Conj/Tloc      24%        2d7       34%         4
 Magic Dart               Conj           24%        1d4       65%         1
 Sandblast                Erth           12%        2d6       65%         1
 Shock                    Conj/Air       24%        1d4       65%         1
 Summon Small Mammal      Summ           24%        N/A       65%         1
 Summon Forest            Summ/Tloc      12%        N/A       65%         5
 Call Imp                 Summ           12%        N/A       78%         2
 Jinxbite                 Hex            12%        N/A       78%         2
 Scorch                   Fire           12%        2d5       78%         2
 Call Canine Familiar     Summ           6%         N/A       95%         3
 Confusing Touch          Hex            6%         N/A       95%         3
 Dazzling Flash           Conj/Hex       12%        N/A       95%         3
 Inner Flame              Hex/Fire       6%         N/A       95%         3
 Passwall                 Erth           6%         N/A       95%         3
 Sigil of Binding         Hex            6%         N/A       95%         3
 Stone Arrow              Conj/Erth      12%        3d7       95%         3
 Swiftness                Air            6%         N/A       95%         3
 Tukima's Dance           Hex            6%         N/A       95%         3
 Airstrike                Air            3%         2d(1-17)  100%        4
 Animate Armour           Summ/Erth      12%        N/A       100%        4
 Brom's Barrelling Bould  Conj/Erth      6%         2d3       100%        4
 Cause Fear               Hex            3%         N/A       100%        4
 Flame Wave               Conj/Fire      6%         2d5       100%        4
 Summon Blazeheart Golem  Fire/Summ      6%         N/A       100%        4
 Summon Lightning Spire   Summ/Air       6%         N/A       100%        4
 Arcjolt                  Conj/Air       3%         1d13      100%        5
 Fireball                 Conj/Fire      3%         3d4       100%        5
 Iskenderun's Battlesphe  Conj           6%         2d6       100%        5
 Lee's Rapid Deconstruct  Erth           3%         3d5*      100%        5
 Silence                  Hex/Air        3%         N/A       100%        5
 Summon Mana Viper        Hex/Summ       6%         N/A       100%        5
 Bombard                  Conj/Erth      3%         9d1       100%        6
 Starburst                Conj/Fire      3%         6d3       100%        6
 Summon Cactus Giant      Summ           3%         N/A       100%        6
 Enfeeble                 Hex            3%         N/A       100%        7
 Monstrous Menagerie      Summ           3%         N/A       100%        7
 Orb of Destruction       Conj           3%         9d5       100%        7
 Spellforged Servitor     Conj/Summ      3%         N/A       100%        7
 Summon Hydra             Summ           3%         N/A       100%        7
 Ignition                 Fire           3%         3d4       100%        8
 Lehudib's Crystal Spear  Conj/Erth      3%         10d2      100%        8
 Maxwell's Capacitive Co  Air            3%         ∞         100%        8
 Chain Lightning          Conj/Air       3%         3d4       100%        9
 Dragon's Call            Summ           3%         N/A       100%        9
 Fire Storm               Conj/Fire      3%         8d1       100%        9
 Shatter                  Erth           3%         3d7*      100%        9
 Kiss of Death            Conj/Necr      Unusable   2d7       N/A         1
 Sting                    Conj/Alch      Unusable   1d4       N/A         1
 Ensorcelled Hibernation  Hex/Ice        Unusable   N/A       N/A         2
 Sublimation of Blood     Necr           Unusable   N/A       N/A         2
 Fugue of the Fallen      Necr           Unusable   N/A       N/A         3
 Hailstorm                Conj/Ice       Unusable   3d5       N/A         3
 Ozocubu's Armour         Ice            Unusable   N/A       N/A         3
 Summon Ice Beast         Ice/Summ       Unusable   N/A       N/A         3
 Anguish                  Hex/Necr       Unusable   N/A       N/A         4
 Dispel Undead            Necr           Unusable   3d8       N/A         4
 Fulminant Prism          Conj/Alch      Unusable   3d5       N/A         4
 Ignite Poison            Fire/Alch      Unusable   N/A       N/A         4
 Leda's Liquefaction      Alch/Erth      Unusable   N/A       N/A         4
 Sticky Flame             Fire/Alch      Unusable   2d4       N/A         4
 Alistair's Intoxication  Alch           Unusable   N/A       N/A         5
 Yara's Violent Unravell  Hex/Alch       Unusable   3d4       N/A         5
 Sculpt Simulacrum        Ice/Alch       Unusable   N/A       N/A         6

Dungeon Overview and Level Annotations

Branches:
Dungeon (15/15)            Temple (1/1) D:4            Lair (5/5) D:11
 Shoals (4/4) Lair:3        Snake (4/4) Lair:3        Slime (5/5) Lair:4
    Orc (2/2) D:12            Elf (3/3) Orc:2        Vaults (5/5) D:14
  Crypt (3/3) Vaults:3       Tomb (3/3) Crypt:3      Depths (4/4) D:15
   Hell (visited)             Dis (7/7) Hell            Geh (7/7) Hell
    Coc (7/7) Hell            Tar (7/7) Hell            Zot (5/5) Depths:4
  IceCv (visited)         Volcano (visited)

Altars:
Ashenzari
Cheibriados
Dithmenos
Fedhas
Gozag
Hepliaklqana
Kikubaaqudgha
Nemelex Xobeh
Okawaru
Qazlal
Ru
Sif Muna
Trog
Uskayaw
Vehumet
Wu Jian
Xom
Yredelemnul
Beogh
Jiyva

Shops:
D:2 *   D:5 =   D:11 *![   Orc:2 :*!*   Elf:2 *(   Snake:2 ==:   Vaults:1 !
Vaults:3 (

Portals:
Hell: Depths:1 Depths:2 Depths:3
Abyss: Depths:1 Depths:3
Pandemonium: Depths:2
Ziggurat: Depths:1

Annotations:
D:9 3 runed translucent doors, Tanach's ghost, journeyman OpSh
Lair:1 exclusion: oklob plant
Elf:1 1 runed translucent door, Camm's ghost, adept HOFi
Elf:2 6 runed translucent doors, exclusion: obsidian statue, december12's ghost, adept BaAr


Innate Abilities, Weirdness & Mutations

You are immune to poison.
You have sharp fingernails.
Your flesh is cold resistant. (rC+)
You are dopey. (Int -2)
You are immune to negative energy. (rN+++)
You do not regenerate when monsters are visible.
You are immune to unholy pain and torment.
You cannot be stealthy.
You cannot train Dodging skill.
You cannot study or cast Ice magic.
You cannot study or cast Necromancy magic.
You cannot study or cast Alchemy magic.
Your casting is slightly disrupted.
You are somewhat unskilled. (-1 Apt)
You are sensitive to extremes of temperature. (rF-, rC-)
You thrive by killing the living.


Message History

There is a stone staircase leading up here.
You fly upwards.
There is a stone staircase leading down here.
What level of the Dungeon? (default 1 @ (x,y), ? - help)
You see here a quokka skeleton.
There is a stone staircase leading up here.
You fly upwards.
There is a stone staircase leading down here.
There is a stone staircase leading up here.
You fly upwards.
There is a stone staircase leading down here.
A golden eye comes into view.
The golden eye turns its gaze towards you.
The golden eye blinks at you. You resist with almost no effort.
You redirect the golden eye's attack!
The golden eye blinks!
A golden eye comes into view.
The golden eye turns its gaze towards you.
The golden eye blinks!
The golden eye turns its gaze towards you.
You pound the golden eye into fine dust!!!!
You kill the golden eye!
No target in view!
A golden eye comes into view.
The golden eye turns its gaze towards you.
The golden eye blinks!
The golden eye blinks at you. You resist with almost no effort.
You pummel the golden eye like a punching bag!!!
You kill the golden eye!
The golden eye blinks at you. You resist with almost no effort.
You pummel the golden eye like a punching bag!!!
You kill the golden eye!
No target in view!
There is an open door here.
There is an open door here.
There is a staircase leading out of the dungeon here.
You have escaped!

..†...# ######.....# #.#
...####♣♣♣######## ##..#######.#
...# #....#...#..#♣##.......#....
##.###....#...'..#♣.###.###.#....
#.##.....######.#♣...'...#.#....
#.###♣......♣♣#.#♣♣..###.#.#....
#)## ♣♣♣♣.....#'###♣..♣#...###.#
#†.# #######..#...##..♣#.#.# #.#
##.# #.....'..#@...'...#...###.#
#.# #...###..##..##...###.....#
#.# #...+.#...####...♣# #.##..#
#.# #..####.~~~~....♣♣ #......
#.######~~~~~.ß~~~~♣♣♣ #######
#..###.~~~~~~~~ß~~~~.########..
##....#♣♣~~~~.~~~~♣♣#.#....##.#
###### ♣♣♣♣~~~~♣♣♣ #......##.#
###### ###.)...#..


There were no monsters in sight!

Vanquished Creatures
  Cerebov (Pan)
  Antaeus (Coc:7)
  Asmodeus (Geh:7)
  the Royal Jelly (Slime:5)
  Mnoleg (Pan)
  Gloorx Vloq (Pan)
  Ereshkigal (Tar:7)
  Ignacio (Pan)
  the Serpent of Hell (Tar:7)
  Dispater (Dis:7)
  8 dread liches
  3 orbs of fire (Zot:5)
  8 pandemonium lords (Pan)
  4 ancient liches
  Mennas (Crypt:1)
  5 juggernauts
  Xtahua (Vaults:3)
  9 royal mummies
  Sojobo (Vaults:4)
  Josephina (Crypt:2)
  40 shard shrikes
  9 Killer Klowns
  Margery (Depths:4)
  34 caustic shrikes
  3 curse toes
  Geryon (Hell)
  Nikola (Shoals:1)
  Jory (Crypt:3)
  10 golden dragons
  Norris (Depths:3)
  14 bone dragons
  4 pearl dragons
  6 profane servitors
  3 hellephants
  14 Tzitzimimeh
  8 doom hounds
  6 iron giants
  11 Brimstone Fiends
  Zenata (Crypt:3)
  38 Ice Fiends
  9 tainted leviathans
  3 electric golems
  Jorgrun (Shoals:2)
  22 Hell Sentinels
  Asterion (Elf:1)
  A shard shrike skeleton (Tomb:3)
  18 tentacled monstrosities
  9 liches
  A walking crystal tome (Depths:3)
  A walking earthen tome (Depths:3)
  24 Orb Guardians (Zot:5)
  16 searing wretches
  13 titans
  2 deep elf blademasters (Elf:3)
  15 sphinxes
  24 acid blobs
  2 deep elf master archers (Elf:3)
  Frances (Shoals:1)
  A quicksilver dragon (Zot:2)
  5 death cobs
  34 ancient champions
  32 Executioners
  Agnes (Snake:4)
  8 tentacled starspawn
  Polyphemus (Shoals:1)
  The ghost of Launuz the Fencer, an adept HuMo of the Shining One (Snake:1)
  The ghost of Horghaoc the Devastator, an adept DEFi of Vehumet (Snake:3)
  23 tengu reavers
  9 storm dragons
  21 daevas
  Donald (Vaults:2)
  6 demonspawn warmongers (Pan)
  6 revenants
  16 shadow dragons
  2 draconian monks
  7 protean progenitors
  Ilsuiw (Shoals:4)
  20 azure jellies
  23 fire giants
  11 nagarajas
  18 rockslimes
  A draconian knight (Depths:4)
  23 narguns
  Louise (Snake:2)
  2 draconian shifters
  2 draconian scorchers
  7 deep elf sorcerers
  46 balrugs
  12 frost giants
  14 shard shrike simulacra
  9 iron dragons
  8 quicksilver elementals
  A spectral juggernaut (Tar:4)
  7 ghost moths
  4 draconian annihilators
  22 vault wardens
  4 curse skulls
  8 draconian stormcallers
  3 orc warlords
  12 demonspawn blood saints (Pan)
  36 reapers
  11 demonspawn corrupters
  7 ghouls
  47 angels
  24 very ugly things
  A spriggan defender (Depths:3)
  15 stone giants
  25 ironbound preservers
  2 juggernaut skeletons (Pan)
  15 quicksilver oozes
  7 caustic shrike skeletons
  15 elemental wellsprings
  11 bennus
  8 formless jellyfish
  28 cacodemons
  8 green draconians
  40 apis
  15 ophanim
  6 vampire knights
  2 ironbound thunderhulks
  8 deep elf demonologists (Elf:3)
  8 white draconians
  16 demonspawn black suns (Pan)
  11 deep elf death magi
  14 deep elf annihilators
  8 black draconians
  15 dire elephants
  47 war gargoyles
  10 red draconians
  9 putrid mouths
  15 lorocyprocas
  11 wendigos
  11 purple draconians
  The ghost of Caterwaul the Bludgeoner, a journeyman MDMo of the Shining One (Lair:2)
  11 spark wasps
  6 yellow draconians
  2 bunyips (Pan)
  8 eidola
  20 iron golems
  28 mummy priests
  Snorg (Lair:3)
  A spectral elf (Tar:1)
  3 crystal guardians
  23 blizzard demons
  8 ettins
  17 green deaths
  7 merfolk impalers
  2 entropy weavers
  9 fire dragons
  3 merfolk javelineers (Shoals:4)
  5 deep elf high priests
  2 spriggan zombies
  9 jiangshi
  12 yaktaur captains
  42 vault guards
  12 salamander tyrants
  6 hydras
  10 ice dragons
  19 great orbs of eyes
  A great orb of eyes (shapeshifter) (Abyss:3)
  4 catoblepae
  8 caustic shrike simulacra
  3 hell beasts
  4 peacekeepers
  6 juggernaut simulacra
  4 spriggan skeletons
  4 rakshasas
  7 merfolk avatars
  10 ironbound frosthearts
  25 starcursed masses (Abyss:1)
  4 death knights
  6 boulder beetles
  9 centaur warriors
  11 merfolk aquamancers
  Erica (D:9)
  8 dancing weapons
  An alligator snapping turtle (Shoals:3)
  5 satyrs
  An anaconda (shapeshifter) (Vaults:2)
  3 ogre magi
  13 stokers
  2 two-headed ogres (shapeshifter)
  14 tengu warriors
  10 anacondas
  12 two-headed ogres
  A sphinx skeleton (Vaults:3)
  A spectral stone giant (Tar:1)
  6 vampire magi
  4 deep troll shamans
  56 death scarabs
  8 naga warriors
  8 deep troll earth magi
  5 orc high priests
  12 demonic crawlers
  64 hell hogs
  13 death yaks
  An occultist (Depths:2)
  3 spectral dire elephants
  Sonja (Lair:1)
  A spriggan berserker (Depths:4)
  7 naga sharpshooters
  7 thrashing horrors
  13 shock serpents
  11 crystal echidnas
  2 titan zombies
  9 skysharks
  8 deep elf knights
  24 soul eaters
  16 hell knights
  A skyshark (shapeshifter) (Vaults:5)
  4 salamander mystics
  48 skeletal warriors
  79 sun demons
  6 wretched stars
  A bunyip zombie (Abyss:1)
  3 anaconda zombies
  22 cherubim
  3 hellephant skeletons (Pan)
  An iron giant zombie (Crypt:2)
  30 sixfirhies
  8 sea snakes
  39 deep trolls
  6 spriggan simulacra
  12 shadow wraiths
  5 quicksilver dragon simulacra
  7 glowing orange brains
  7 arcanists
  6 bog bodies (Crypt:3)
  9 sun moths (Pan)
  16 shadow demons
  2 flayed ghosts (Crypt:3)
  6 naga ritualists
  An orb spider (shapeshifter) (Elf:1)
  23 ironbound convokers
  4 anaconda skeletons
  4 orb spiders
  11 lindwurms
  8 mana vipers
  A spectral hydra (Tar:6)
  11 orc knights
  An obsidian statue (Depths:2)
  15 deep elf archers
  2 bunyip skeletons
  13 phantasmal warriors
  62 large abominations
  2 orange crystal statues (IceCv)
  7 necromancers
  A wolf spider zombie (Crypt:2)
  28 deep elf pyromancers
  An alligator zombie (Hell)
  42 harpies
  A spectral merfolk (Tar:1)
  14 salamanders
  An iron dragon zombie (Crypt:3)
  14 manticores
  A spectral ettin (Tar:1)
  A worldbinder (Abyss:1)
  8 orc sorcerers
  16 fauns
  31 deep elf zephyrmancers
  8 cyclopes
  A stone giant zombie (Crypt:3)
  36 ugly things
  A mana viper (shapeshifter) (Vaults:3)
  9 shining eyes
  2 frost giant skeletons
  A will-o-the-wisp (Abyss:1)
  24 moths of wrath
  3 meliai (D:13)
  5 kobold blastminers (Orc:2)
  6 water nymphs
  A toenail golem (Pan)
  15 elephants
  4 guardian serpents (shapeshifter)
  6 eyes of devastation
  6 guardian serpents
  15 vault sentinels
  13 naga magi
  3 stone giant skeletons
  4 rust devils
  24 black mambas
  7 merfolk sirens
  2 centaur zombies
  3 ice statues
  11 molten gargoyles
  35 orange demons
  2 torpor snails (Lair:5)
  76 smoke demons
  4 titan simulacra
  A water nymph (shapeshifter) (Vaults:3)
  Jeremiah (Lair:1)
  An unseen horror (shapeshifter) (Vaults:2)
  33 hellions
  4 rime drakes
  A storm dragon simulacrum (Tomb:3)
  9 unseen horrors
  15 cane toads
  A gargoyle (D:13)
  2 naga skeletons (Tomb:3)
  29 yaktaurs
  8 komodo dragons
  3 kobold demonologists
  25 tormentors
  An orb spider zombie (Crypt:3)
  10 efreet
  An unseen horror zombie (Crypt:2)
  2 bunyip simulacra
  12 freezing wraiths
  2 sea snake zombies (Hell)
  9 anaconda simulacra
  7 ancient zymes
  14 tengu conjurers
  A hydra zombie (Crypt:3)
  2 iron giant simulacra
  A spectral naga (Tar:2)
  74 guardian mummies
  9 red devils
  7 ice devils
  3 harpy zombies
  3 golden dragon simulacra
  7 trolls
  29 hellwings
  A spectral harpy (Tar:1)
  A sea snake skeleton (Hell)
  19 merfolk
  A queen bee (shapeshifter) (Abyss:1)
  5 alligator simulacra
  Prince Ribbit (D:6)
  A blink frog (shapeshifter) (Abyss:1)
  A polar bear (shapeshifter) (Elf:1)
  3 hornets
  A queen bee (D:13)
  6 wind drakes
  An ettin zombie (Tomb:1)
  5 glass eyes
  3 raiju (Abyss:1)
  2 tarantellas (Pan)
  4 polar bears
  9 dream sheep
  A tarantella (shapeshifter) (Vaults:5)
  15 blink frogs
  3 harpy skeletons
  Grinder (D:3)
  A glass eye (shapeshifter) (Depths:3)
  2 stone giant simulacra (Coc:1)
  A snapping turtle (shapeshifter) (Abyss:3)
  A spectral black mamba (Snake:3)
  12 snapping turtles
  165 slime creatures
  2 centaur simulacra
  21 ushabtiu
  A yak (shapeshifter) (Abyss:1)
  15 water elementals
  10 air elementals
  2 wyverns
  2 shadows
  3 vampires
  3 fire elementals
  A fire dragon skeleton (Crypt:1)
  9 wraiths
  21 golden eyes
  38 ynoxinuls
  10 dire elephant simulacra
  A golden eye (shapeshifter) (Elf:1)
  51 yaks
  2 humans (D:14)
  A redback (Vaults:1)
  2 wargs
  11 steam dragons
  5 basilisks
  33 neqoxecs
  21 chaos spawn
  14 harpy simulacra
  2 naga zombies
  7 vampire mosquitoes
  33 nagas
  5 hydra simulacra
  A glowing shapeshifter skeleton (Vaults:3)
  8 water moccasins
  6 hell hounds
  A cane toad skeleton (Crypt:1)
  40 orc warriors
  5 ice beasts
  An ogre (shapeshifter) (D:14)
  39 laughing skulls
  5 black bears
  4 black mamba simulacra
  19 ogres
  8 small abominations
  7 ettin simulacra
  4 wolves
  A manticore zombie (Crypt:1)
  A phantom (D:7)
  16 centaurs
  8 boggarts
  A swamp dragon skeleton (Abyss:1)
  A blink frog skeleton (Crypt:1)
  A weeping skull (Abyss:1)
  6 kobold brigands
  Blork the orc (D:4)
  12 bullfrogs
  A necrophage (Crypt:1)
  3 brain worms
  2 earth elementals (Elf:1)
  A gnoll sergeant (D:11)
  A scorpion (D:6)
  A demonspawn simulacrum (Coc:1)
  4 human skeletons
  2 water moccasin zombies (D:5)
  A cyclops skeleton (Crypt:1)
  12 wights
  A water moccasin skeleton (Crypt:3)
  A shapeshifter zombie (Crypt:1)
  2 lindwurm simulacra (IceCv)
  44 killer bees
  A troll skeleton (Crypt:1)
  2 electric eels
  5 howler monkeys
  A crimson imp (Pan)
  A bombardier beetle (D:7)
  2 bullfrog zombies (D:5)
  A quasit (Abyss:1)
  A cerulean imp (Volcano)
  4 hounds
  A human simulacrum (Vaults:4)
  2 gnoll boudas
  27 orc priests
  7 jellies
  3 iron imps (Abyss:1)
  A sleepcap (D:6)
  Ijyb (D:3)
  3 iguanas
  8 hell rats
  11 naga simulacra
  23 orc wizards
  A killer bee zombie (Crypt:2)
  A crocodile skeleton (Crypt:1)
  A hound skeleton (Crypt:1)
  57 mummies
  A howler monkey zombie (Crypt:3)
  14 gnolls
  5 adders
  2 white imps
  A ribbon worm zombie (D:5)
  5 ufetubi (Abyss:1)
  An iguana zombie (Crypt:2)
  An adder zombie (D:5)
  6 ribbon worms
  3 dart slugs
  86 orcs
  6 endoplasms
  A giant cockroach (D:1)
  14 goblins
  15 hobgoblins
  8 jackals (D:1)
  5 quokkas
  8 ball pythons
  7 bats
  6 frilled lizards
  A giant cockroach zombie (Crypt:1)
  A jackal skeleton (Crypt:3)
  34 kobolds
  An orc skeleton (Crypt:2)
  5 rats
  3 aspiring fleshes
  A butterfly (Lair:5)
  A creeping inferno (Geh:1)
  16 fire vortices
  A spectral weapon (Snake:4)
  5 starspawn tentacles
4676 creatures vanquished.

Vanquished Creatures (collateral kills)
  2 caustic shrikes (Dis:3)
  A Brimstone Fiend (Dis:3)
  A Hell Sentinel (Dis:3)
  An ancient champion (Dis:6)
5 creatures vanquished.

Vanquished Creatures (others)
  A seraph (Pan)
  2 royal mummies (Tomb:3)
  A shard shrike (Coc:6)
  A Brimstone Fiend (Pan)
  3 Ice Fiends
  A tentacled monstrosity (Vaults:3)
  An Orb Guardian (Zot:5)
  2 titans
  A searing wretch (Geh:2)
  2 ancient champions
  An eldritch tentacle (Pan)
  2 tengu reavers
  A quicksilver dragon (Vaults:5)
  A rockslime (Slime:4)
  A daeva (Pan)
  A fire giant (Geh:7)
  A vault warden (Vaults:2)
  A cacodemon (Pan)
  A draconian annihilator (Pan)
  A vampire knight (Depths:4)
  A war gargoyle (Dis:4)
  A putrid mouth (Tar:6)
  3 bennus (Tomb:3)
  A wendigo (Coc:4)
  A blizzard demon (Pan)
  A mummy priest (Tomb:1)
  A green death (Pan)
  A rakshasa (Pan)
  A caustic shrike simulacrum (Coc:6)
  A vault guard (Vaults:5)
  A centaur warrior (D:15)
  A juggernaut simulacrum (Coc:6)
  An ironbound frostheart (Vaults:4)
  2 naga warriors
  A death scarab (Tomb:3)
  A satyr (Shoals:4)
  An alligator (shapeshifter) (Depths:2)
  2 deep elf knights
  3 sun demons
  A skyshark (Shoals:1)
  A skeletal warrior (Vaults:3)
  2 deep trolls
  3 quicksilver dragon simulacra
  An arcanist (Vaults:4)
  A large abomination (Abyss:1)
  A shadow demon (Pan)
  A glowing orange brain (Pan)
  A phantasmal warrior (Vaults:5)
  2 harpies
  2 deep elf pyromancers (Elf:3)
  A lindwurm (Vaults:1)
  A manticore (Shoals:2)
  A slime creature (Lair:2)
  A black mamba (Snake:2)
  A guardian serpent (Snake:4)
  A hellion (Geh:7)
  A yaktaur (Vaults:3)
  A freezing wraith (IceCv)
  2 spectral nagas (Snake:3)
  A golden dragon simulacrum (Coc:6)
  A guardian mummy (Tomb:3)
  An ancient zyme (Abyss:1)
  A dire elephant simulacrum (Coc:6)
  4 water elementals
  A ynoxinul (Depths:2)
  A naga simulacrum (Coc:7)
  A yak (D:10)
  3 neqoxecs (Pan)
  3 chaos spawn (Pan)
  2 harpy simulacra
  A naga (Snake:4)
  An orc warrior (Elf:1)
  An ettin simulacrum (Coc:6)
  A laughing skull (Pan)
  A centaur (D:15)
  A wight (D:8)
  A swamp dragon simulacrum (Coc:1)
  A howler monkey (D:11)
  A hell rat (Depths:3)
  A mummy (Crypt:3)
  3 ball lightnings (Pan)
  9 creeping infernos
  2 fire vortices (Geh:1)
  4 foxfires (Abyss:1)
  3 lurking horrors
  10 starspawn tentacles
137 creatures vanquished.

Grand Total: 4818 creatures vanquished

Notes
Turn   | Place    | Note
-------+----------+-------------------------------------------
     0 | D:1      | Anonymous1 the Ghoul Monk began the quest for the Orb.
     0 | D:1      | Reached XP level 1. HP: 19/19 MP: 1/1
    61 | D:1      | Reached XP level 2. HP: 19/26 MP: 2/2
   359 | D:2      | Reached XP level 3. HP: 33/33 MP: 3/3
   600 | D:1      | Reached XP level 4. HP: 39/40 MP: 4/4
   698 | D:2      | Reached skill level 5 in Unarmed Combat
   787 | D:2      | Found Imiagran's General Store.
   798 | D:2      | Bought a scroll of teleportation for 39 gold pieces
   798 | D:2      | Bought a scroll of noise for 13 gold pieces
   972 | D:3      | Noticed Grinder
   993 | D:3      | Killed Grinder
   994 | D:3      | Reached XP level 5. HP: 17/47 MP: 5/5
   994 | D:3      | Reached XP level 6. HP: 19/53 MP: 6/6
  1245 | D:3      | Noticed Ijyb
  1253 | D:3      | Killed Ijyb
  1360 | D:4      | Found a staircase to the Ecumenical Temple.
  1369 | Temple   | Entered the Ecumenical Temple
  1381 | Temple   | Became a worshipper of Ru the Awakened
  1402 | D:4      | Gained mutation: You are sensitive to extremes of
                  | temperature. (rF-, rC-) [Ru sacrifice]
  1402 | D:4      | Reached * piety under Ru
  1402 | D:4      | Reached ** piety under Ru
  1430 | D:3      | Found a faded altar of an unknown god.
  2484 | D:4      | Reached XP level 7. HP: 60/60 MP: 7/7
  2733 | D:4      | Found a hazy altar of Hepliaklqana.
  2855 | D:4      | Noticed Blork the orc
  2865 | D:4      | Killed Blork the orc
  2993 | D:5      | Entered Level 5 of the Dungeon
  3230 | D:5      | Gained mutation: You are somewhat unskilled. (-1 Apt) [Ru
                  | sacrifice]
  3230 | D:5      | Reached *** piety under Ru
  3499 | D:5      | Reached skill level 1 in Armour
  3511 | D:5      | Reached XP level 8. HP: 52/66 MP: 8/8
  3518 | D:5      | Found a basalt altar of Yredelemnul.
  3550 | D:5      | Found Burgh's Jewellery Emporium.
  3592 | D:5      | Found a snail-covered altar of Cheibriados.
  4211 | D:6      | Reached skill level 10 in Unarmed Combat
  4380 | D:6      | Reached XP level 9. HP: 50/72 MP: 9/9
  4499 | D:6      | Noticed Prince Ribbit
  4503 | D:6      | Killed Prince Ribbit
  4580 | D:6      | Noticed a hornet
  4590 | D:6      | Killed a hornet
  4884 | D:7      | Gained mutation: You cannot be stealthy. [Ru sacrifice]
  4884 | D:7      | Reached **** piety under Ru
  5326 | D:7      | Reached XP level 10. HP: 76/80 MP: 10/10
  5594 | D:7      | Reached skill level 5 in Armour
  5786 | D:7      | Reached skill level 5 in Fighting
  6720 | D:8      | Gained mutation: Your casting is slightly disrupted. [Ru
                  | sacrifice]
  6935 | D:9      | Noticed Erica
  6954 | D:9      | Killed Erica
  7178 | D:9      | Reached XP level 11. HP: 83/88 MP: 11/11
  7181 | D:9      | Found a runed translucent gate.
  7181 | D:9      | Found a runed translucent gate.
  7181 | D:9      | Found a runed translucent gate.
  7578 | D:9      | Found an ancient bone altar of Kikubaaqudgha.
  7631 | D:9      | Found an opulent altar of Gozag.
  7749 | D:9      | Noticed Tanach's ghost (journeyman OpSh)
  7859 | D:10     | Entered Level 10 of the Dungeon
  8041 | D:10     | Found a portal to a secret trove of treasure.
  8837 | D:11     | Noticed a white ugly thing
  8869 | D:11     | Killed a white ugly thing
  8976 | D:11     | Gained mutation: You are dopey. (Int -2) [Ru sacrifice]
  8976 | D:11     | Reached ***** piety under Ru
  9020 | D:11     | Found Herriradgh's Assorted Antiques.
  9037 | D:11     | Bought a smoky orange potion for 30 gold pieces
  9037 | D:11     | Bought a clear potion for 30 gold pieces
  9037 | D:11     | Bought a wooden wand for 136 gold pieces
  9037 | D:11     | Bought a scroll of teleportation for 102 gold pieces
  9037 | D:11     | Bought a scroll of identify for 68 gold pieces
  9063 | D:11     | Noticed a sixfirhy
  9116 | D:11     | Noticed a manticore
  9130 | D:11     | Killed a manticore
  9173 | D:11     | Reached skill level 15 in Unarmed Combat
  9232 | D:11     | Noticed a centaur warrior
  9247 | D:11     | Noticed a cyclops
  9252 | D:11     | Killed a cyclops
  9252 | D:11     | Noticed a two-headed ogre
  9254 | D:11     | Killed a centaur warrior
  9260 | D:11     | Killed a two-headed ogre
  9395 | D:11     | Found a staircase to the Lair.
  9469 | D:11     | Noticed a boulder beetle
  9497 | D:11     | Killed a boulder beetle
  9498 | D:11     | Reached skill level 1 in Evocations
  9498 | D:11     | Reached XP level 12. HP: 82/95 MP: 12/12
  9566 | D:11     | Found Moemn's Distillery.
  9574 | D:11     | Bought a potion of curing for 51 gold pieces
  9649 | D:11     | Found Asikhluxi's Armour Shop.
  9941 | Lair:1   | Entered Level 1 of the Lair of Beasts
 10319 | Lair:1   | Found a dark tunnel.
 10323 | Lair:1   | Gained mutation: You cannot study or cast Ice magic. [Ru
                  | sacrifice]
 10323 | Lair:1   | Gained mutation: You cannot study or cast Alchemy magic.
                  | [Ru sacrifice]
 10323 | Lair:1   | Gained mutation: You cannot study or cast Necromancy magic.
                  | [Ru sacrifice]
 10325 | Volcano  | Entered a volcano
 11109 | Volcano  | Noticed a fire dragon
 11115 | Volcano  | Killed a fire dragon
 11473 | Lair:1   | Noticed Jeremiah
 11478 | Lair:1   | Killed Jeremiah
 11577 | Lair:1   | Noticed Sonja
 11587 | Lair:1   | Killed Sonja
 11827 | Lair:1   | Found a blossoming altar of Fedhas.
 12459 | Lair:2   | Reached XP level 13. HP: 102/102 MP: 13/13
 12672 | Lair:2   | Gained mutation: You cannot train Dodging skill. [Ru
                  | sacrifice]
 12672 | Lair:2   | Reached ****** piety under Ru
 12709 | Lair:2   | Found a runed translucent gate.
 12709 | Lair:2   | Found a runed translucent gate.
 12709 | Lair:2   | Found a runed translucent gate.
 12715 | Lair:2   | Noticed Caterwaul's ghost (journeyman MDMo)
 13242 | Lair:2   | Identified the +1 robe "Icourghi" {rPois Int+6}
 13379 | Lair:2   | Noticed a great orb of eyes
 13381 | Lair:2   | Found a viscous altar of Jiyva.
 13381 | Lair:2   | Found the ring of the Octopus King
 13402 | Lair:2   | Killed a great orb of eyes
 13419 | Lair:2   | Killed Caterwaul's ghost
 13428 | Lair:2   | Identified a ring of the Octopus King {rC+ HP+2 AC+2 EV+2
                  | SH+2}
 13577 | D:11     | Bought a +0 cloak for 67 gold pieces
 14056 | Lair:3   | Found a staircase to the Shoals.
 14060 | Lair:3   | Reached skill level 5 in Evocations
 14066 | Lair:3   | Noticed Snorg
 14077 | Lair:3   | Killed Snorg
 14297 | Lair:3   | Found a staircase to the Snake Pit.
 14631 | Lair:4   | Found the necklace of Bloodlust {Fury *Rage Will++ Int-3
                  | Slay+6}
 14660 | Lair:4   | Found a staircase to the Slime Pits.
 14709 | Lair:4   | Found a viscous altar of Jiyva.
 15283 | Lair:4   | Reached XP level 14. HP: 73/111 MP: 14/14
 15438 | Lair:4   | Reached skill level 1 in Shields
 15551 | Lair:5   | Entered Level 5 of the Lair of Beasts
 15727 | Lair:5   | Identified the +0 scale mail of Macavari {rPois rN++ Will+}
 15855 | Lair:5   | Reached skill level 10 in Armour
 16509 | Lair:5   | Identified the +9 dagger of a volcano {pain, Dex+3}
 17040 | Lair:5   | Identified the +4 rapier of Mayhem {protect, Fly rElec
                  | Will+}
 17564 | D:12     | Identified a scroll of acquirement
 17565 | D:12     | Acquired 805 gold pieces
 17652 | D:12     | Found a staircase to the Orcish Mines.
 17998 | D:12     | Reached XP level 15. HP: 102/107 MP: 6/15
 18404 | Orc:1    | Entered Level 1 of the Orcish Mines
 18404 | Orc:1    | Found a roughly hewn altar of Beogh.
 18843 | Orc:2    | Entered Level 2 of the Orcish Mines
 20278 | Orc:2    | Noticed an orc warlord
 20323 | Orc:2    | Killed an orc warlord
 20424 | Orc:2    | Found a roughly hewn altar of Beogh.
 20448 | Orc:2    | Found Numasolu's Book Shop.
 20634 | Orc:2    | Found a staircase to the Elven Halls.
 20718 | Orc:2    | Identified the ring of the Philosopher {rN+ Dex+4 Slay-5
                  | SInv}
 21183 | Orc:2    | Found Gudisuwi's Assorted Antiques.
 21194 | Orc:2    | Bought a scroll of blinking for 225 gold pieces
 21194 | Orc:2    | Bought a scroll of fear for 120 gold pieces
 21194 | Orc:2    | Bought a scroll of revelation for 225 gold pieces
 21194 | Orc:2    | Bought a potion of curing for 90 gold pieces
 21249 | Orc:2    | Found a roughly hewn altar of Beogh.
 21408 | Orc:2    | Found Iklypharr's Assorted Antiques.
 21431 | Orc:2    | Bought a scroll of teleportation for 78 gold pieces
 21431 | Orc:2    | Bought a scroll of vulnerability for 104 gold pieces
 21439 | Orc:2    | Found Uwkunn's Distillery.
 21460 | Orc:2    | Bought a potion of resistance for 130 gold pieces
 21460 | Orc:2    | Bought a potion of resistance for 130 gold pieces
 21460 | Orc:2    | Bought a potion of heal wounds for 65 gold pieces
 21526 | Orc:2    | Bought a knobbly pearl ring for 130 gold pieces
 21537 | Orc:2    | Bought a potion of curing for 39 gold pieces
 21537 | Orc:2    | Bought a potion of curing for 39 gold pieces
 21690 | D:13     | Identified the amulet "Dismaluso" {Spirit Stlth+}
 22870 | D:14     | Reached XP level 16. HP: 110/126 MP: 16/16
 24226 | D:14     | Found a gate to the Vaults.
 24386 | D:15     | Entered Level 15 of the Dungeon
 25668 | D:15     | Found a staircase to the Depths.
 25825 | D:15     | Identified the ring of the Rabble {Fly rElec rN+ Int-4}
 26326 | Shoals:1 | Entered Level 1 of the Shoals
 26661 | Shoals:1 | Noticed Frances
 26689 | Shoals:1 | Killed Frances
 26948 | Shoals:1 | Identified the +0 tower shield of Moral Flaws {Str+4 Dex+3}
 27029 | Shoals:1 | Noticed Nikola
 27049 | Shoals:1 | Killed Nikola
 27327 | Shoals:1 | Reached XP level 17. HP: 132/132 MP: 17/17
 27408 | Shoals:1 | Identified the +3 leather armour "Odohar" {Str+2 Stlth+}
 28049 | Shoals:2 | Noticed Jorgrun
 28157 | Shoals:2 | Killed Jorgrun
 28158 | Shoals:2 | Reached skill level 5 in Shields
 28867 | Shoals:2 | Noticed Polyphemus
 28938 | Shoals:1 | Killed Polyphemus
 30609 | Shoals:4 | Entered Level 4 of the Shoals
 30763 | Shoals:3 | Reached skill level 10 in Evocations
 31394 | Shoals:4 | Noticed Ilsuiw
 31723 | Shoals:4 | Identified the +2 spear of Kaenlizy {protect, rElec Str+5}
 32465 | Shoals:4 | Killed Ilsuiw
 32622 | Shoals:4 | Identified the +1 spear of Hospitality {flame, Str+3}
 32856 | Shoals:4 | Reached XP level 18. HP: 109/133 MP: 18/18
 33816 | Shoals:4 | Got a barnacled rune of Zot
 33990 | Snake:1  | Entered Level 1 of the Snake Pit
 34037 | Snake:1  | Found a runed translucent door.
 34037 | Snake:1  | Noticed Launuz's ghost (adept HuMo)
 34293 | Snake:1  | Killed Launuz's ghost
 35457 | Snake:2  | Noticed Louise
 35466 | Snake:2  | Killed Louise
 35561 | Snake:2  | Found Eseq's Jewellery Emporium.
 35563 | Snake:2  | Found Doikuhom's Book Boutique.
 35564 | Snake:2  | Found Juhor's Jewellery Emporium.
 37116 | Snake:3  | Found a runed translucent gate.
 37116 | Snake:3  | Found a runed translucent gate.
 37117 | Snake:3  | Found a runed translucent gate.
 37118 | Snake:3  | Noticed Horghaoc's ghost (adept DEFi)
 37337 | Snake:3  | Identified the +5 flail "Ofurieda" {flame, Will- Int+3
                  | Dex+2}
 38170 | Snake:3  | Killed Horghaoc's ghost
 38301 | Snake:4  | Entered Level 4 of the Snake Pit
 38333 | Snake:4  | Reached XP level 19. HP: 133/147 MP: 19/19
 38498 | Snake:4  | Noticed Agnes
 38506 | Snake:4  | Killed Agnes
 39588 | Snake:4  | Reached skill level 10 in Shields
 39779 | Snake:4  | Got a serpentine rune of Zot
 40225 | Elf:1    | Entered Level 1 of the Elven Halls
 40228 | Elf:1    | Paralysed by an air elemental for 1 turns
 40305 | Elf:1    | Paralysed by an air elemental for 1 turns
 40308 | Orc:2    | Paralysed by an air elemental for 1 turns
 40316 | Orc:2    | Paralysed by an air elemental for 1 turns
 40465 | Elf:1    | Paralysed by an air elemental for 1 turns
 41006 | Elf:1    | Noticed Camm's ghost (adept HOFi)
 41020 | Elf:1    | Found a runed translucent door.
 41053 | Elf:1    | Noticed Asterion
 41064 | Elf:1    | Killed Asterion
 42458 | Elf:2    | Found a glacial archway.
 42580 | IceCv    | Entered an ice cave
 42863 | IceCv    | Reached XP level 20. HP: 109/155 MP: 3/20
 43009 | IceCv    | Identified the +8 shortbow "Myfeuzix" {flame, rF+ Will++}
 43014 | IceCv    | Identified the ring "Matwoeje" {rPois rCorr Int-5 Dex+4}
 43271 | Elf:2    | Paralysed by an air elemental for 1 turns
 43273 | Elf:2    | Paralysed by an air elemental for 1 turns
 43300 | Elf:2    | Paralysed by an air elemental for 1 turns
 43493 | Elf:2    | Found a runed translucent gate.
 43493 | Elf:2    | Found a runed translucent gate.
 43510 | Elf:2    | Found a runed translucent gate.
 43601 | Elf:2    | Found a runed translucent gate.
 43601 | Elf:2    | Found a runed translucent gate.
 43603 | Elf:2    | Found a runed translucent gate.
 43603 | Elf:2    | Found an opulent altar of Gozag.
 43605 | Elf:2    | Noticed december12's ghost (adept BaAr)
 43606 | Elf:2    | Found Naxi's Assorted Antiques.
 43657 | Elf:2    | Found Tuveopp's Antique Weapon Shoppe.
 43759 | Elf:3    | Entered Level 3 of the Elven Halls
 43766 | Elf:3    | Paralysed by an air elemental for 1 turns
 43771 | Elf:2    | Paralysed by an air elemental for 1 turns
 45067 | Elf:3    | Identified the +4 arbalest "Junlet" {speed, Int+2 Dex-5
                  | Stlth+}
 45182 | Elf:3    | Identified the +12 hand axe "Ritiry" {drain, Will+ Int+2}
 45182 | Elf:3    | Identified the ring of Zuhupp {Fire Int+4}
 45231 | Elf:3    | Identified the ring of Ixajal {Str+6 Int+3}
 45415 | Elf:3    | Found the brooch of Shielding {Spirit SH+8}
 45418 | Elf:3    | Identified the +2 pair of gloves of Osibewke {^Contam
                  | Rampage rPois}
 45797 | Vaults:1 | Entered Level 1 of the Vaults
 46071 | Vaults:1 | Reached skill level 27 in Unarmed Combat
 46331 | Vaults:1 | Reached XP level 21. HP: 145/156 MP: 21/21
 46593 | Vaults:1 | Found Betoaba's Distillery.
 46601 | Vaults:1 | Bought 2 potions of heal wounds for 190 gold pieces
 46601 | Vaults:1 | Bought a potion of might for 76 gold pieces
 46601 | Vaults:1 | Bought a potion of heal wounds for 95 gold pieces
 46601 | Vaults:1 | Bought a potion of curing for 57 gold pieces
 46601 | Vaults:1 | Bought 2 potions of curing for 114 gold pieces
 46601 | Vaults:1 | Bought a potion of attraction for 57 gold pieces
 46601 | Vaults:1 | Bought a potion of attraction for 57 gold pieces
 46601 | Vaults:1 | Bought a potion of attraction for 57 gold pieces
 47331 | Vaults:2 | Identified the ring "Heas Nudik" {Str+3 Int-5 Dex+4 Slay+4}
 48000 | Vaults:2 | Identified the +8 sling "Xeutibid" {freeze, +Blink rPois
                  | rCorr Int-5}
 48436 | Vaults:2 | Noticed Donald
 48443 | Vaults:2 | Killed Donald
 49448 | Vaults:3 | Reached skill level 15 in Shields
 49784 | Vaults:3 | Reached XP level 22. HP: 172/172 MP: 22/22
 49848 | Vaults:3 | Noticed Xtahua
 49869 | Vaults:3 | Killed Xtahua
 50594 | Vaults:3 | Found Moecheid's Weapon Boutique.
 50937 | Vaults:3 | Found a staircase to the Crypt.
 51417 | Vaults:3 | Noticed a golden dragon
 51637 | Vaults:3 | Killed a golden dragon
 51861 | Vaults:3 | Identified the +3 spear of Invincibility {freeze, rCorr}
 51949 | Vaults:3 | Identified the +1 pair of boots of Absence {Harm rElec rC-
                  | Int+2}
 51954 | Vaults:3 | Identified the +2 plate armour of the Barnacle {Harm +Inv
                  | rCorr Int+2}
 52089 | Vaults:3 | Reached skill level 15 in Armour
 52642 | Vaults:4 | Reached skill level 1 in Throwing
 52789 | Vaults:4 | Noticed Sojobo
 52818 | Vaults:4 | Killed Sojobo
 53628 | Vaults:4 | Reached XP level 23. HP: 166/179 MP: 23/23
 54080 | Vaults:5 | Entered Level 5 of the Vaults
 54450 | Vaults:5 | Noticed a dread lich
 54456 | Vaults:5 | Noticed a dread lich
 54833 | Vaults:4 | Killed a dread lich
 55094 | Vaults:5 | Identified the +1 hand axe "Ogreslayer" {venom, rF+ Stlth+}
 55828 | Vaults:5 | Noticed a golden dragon
 55992 | Vaults:4 | Killed a golden dragon
 56163 | Vaults:4 | Reached skill level 5 in Throwing
 56743 | Vaults:5 | Identified the staff of a volcano {rN+ rCorr Stlth+ Necro}
 57101 | Vaults:5 | Noticed an ancient lich
 57110 | Vaults:5 | Killed an ancient lich
 57261 | Vaults:4 | Killed a dread lich
 57376 | Vaults:5 | Identified the +8 great mace of Zitifep {vamp, Str+3}
 57476 | Vaults:5 | Reached XP level 24. HP: 156/188 MP: 23/23
 57714 | Vaults:5 | Got a silver rune of Zot
 57780 | Vaults:5 | Reached skill level 10 in Fighting
 57994 | Vaults:5 | Noticed a dread lich
 58002 | Vaults:5 | Killed a dread lich
 58446 | Crypt:1  | Entered Level 1 of the Crypt
 58785 | Crypt:1  | Noticed Mennas
 58816 | Crypt:1  | Killed Mennas
 60159 | Crypt:2  | Identified the +1 pair of gloves of the Elven Halls {-Tele
                  | rF+ Str+5 Int+2}
 60169 | Crypt:2  | Identified the +3 long sword of a Thousand Lives {spect,
                  | Fly Str+5 Int-2 Stlth+}
 60317 | Crypt:2  | Identified the ring of Fapus {Ice Will+ Int+3 SInv}
 60317 | Crypt:2  | Noticed Josephina
 60340 | Crypt:2  | Killed Josephina
 60937 | Crypt:3  | Entered Level 3 of the Crypt
 62061 | Crypt:3  | Identified the staff of Wuis {rPois rN+ Will- Str-2 Int+4
                  | Necro}
 62061 | Crypt:3  | Identified the death talisman of Perfidy {rC+ Int+4 Dex-3
                  | Slay+3}
 62138 | Crypt:3  | Identified the ring "Jewoff" {Wiz rC+ Str+5 Int+4}
 62195 | Crypt:3  | Noticed a royal mummy
 62790 | Crypt:3  | Noticed Zenata
 62800 | Crypt:3  | Killed Zenata
 62811 | Crypt:3  | Reached XP level 25. HP: 195/195 MP: 23/23
 62831 | Crypt:3  | Found a staircase to the Tomb.
 62892 | Crypt:3  | Noticed Jory
 62904 | Crypt:3  | Killed Jory
 63364 | Crypt:3  | Killed a royal mummy
 63859 | Tomb:1   | Entered Level 1 of the Tomb of the Ancients
 64500 | Tomb:1   | Identified the amulet of Cuyzugut {Reflect SH+5 SInv}
 65220 | Tomb:1   | Noticed a royal mummy
 65508 | Tomb:1   | Killed a royal mummy
 65741 | Tomb:1   | Identified the amulet of Grace {rPois Regen+ Str+2}
 65928 | Tomb:2   | Noticed a royal mummy
 65928 | Tomb:2   | Noticed a royal mummy
 66566 | Tomb:3   | Entered Level 3 of the Tomb of the Ancients
 66579 | Tomb:3   | Noticed a royal mummy
 66581 | Tomb:3   | Noticed a royal mummy
 66775 | Tomb:3   | Noticed a royal mummy
 66775 | Tomb:3   | Noticed a royal mummy
 67051 | Tomb:3   | Killed a royal mummy
 67052 | Tomb:3   | Killed a royal mummy
 67054 | Tomb:3   | Reached XP level 26. HP: 133/189 MP: 1/23
 67055 | Tomb:3   | Killed a royal mummy
 67062 | Tomb:3   | Killed a royal mummy
 67064 | Tomb:3   | Noticed a royal mummy
 67089 | Tomb:2   | Killed a royal mummy
 67405 | Tomb:3   | Noticed a royal mummy
 67660 | Tomb:3   | Killed a royal mummy
 67664 | Tomb:3   | Noticed a royal mummy
 67836 | Tomb:3   | Killed a royal mummy
 67890 | Tomb:3   | Identified the staff of the Neverending Deaths {Conj Ice}
 67928 | Tomb:3   | Identified the +5 chain mail "Mosk" {-Tele rPois rF+ Str+6}
 67929 | Tomb:3   | Identified the +3 chain mail "Zaof" {Rampage Str+2}
 67934 | Tomb:3   | Got the Parchment of Combat Magic and the Storm
 67955 | Tomb:3   | Identified the +8 spear "Pacyur" {freeze, rF+ rCorr Int+3}
 68123 | Tomb:3   | Identified the staff of Tender Mercy {rPois Int+3 Dex+9
                  | Stlth- Conj}
 68276 | Tomb:3   | Noticed a royal mummy
 68293 | Tomb:3   | Killed a royal mummy
 68303 | Tomb:3   | Noticed a royal mummy
 68310 | Tomb:3   | Killed a royal mummy
 68398 | Tomb:3   | Got a golden rune of Zot
 68999 | Depths:1 | Entered Level 1 of the Depths
 69040 | Depths:1 | Reached skill level 1 in Translocations
 69068 | Depths:1 | Reached skill level 1 in Spellcasting
 69151 | Depths:1 | Found a one-way gateway to a ziggurat.
 69358 | Depths:1 | Found a broken altar of Ashenzari.
 69563 | Depths:1 | Found a one-way gate to the infinite horrors of the Abyss.
 70025 | Depths:1 | Found a gateway to Hell.
 70145 | Depths:2 | Found a stormy altar of Qazlal.
 70205 | Depths:2 | Found a sparkling altar of Nemelex Xobeh.
 70588 | Depths:2 | Found a one-way gate leading to the halls of Pandemonium.
 70926 | Depths:2 | Noticed a juggernaut
 70926 | Depths:2 | Noticed a juggernaut
 70927 | Depths:2 | Found a runed translucent door.
 71732 | Depths:2 | Upgraded the game from 0.32-a0-314-g526f7d4 to
                  | 0.32-a0-330-g213d367
 71732 | Depths:2 | Upgraded the game from 0.32-a0-330-g213d367 to
                  | 0.32-a0-338-g4f8ebfe
 72191 | Depths:3 | Identified the +9 arbalest "Rewin" {speed, rN+ Dex+4}
 72710 | Depths:3 | Reached XP level 27. HP: 164/200 MP: 23/28
 72978 | Depths:3 | Reached skill level 10 in Throwing
 73215 | Depths:3 | Identified the +4 plate armour of the Beginning {Rampage
                  | rF+ rN+}
 74021 | Depths:3 | Noticed Norris
 74029 | Depths:3 | Killed Norris
 74704 | Depths:4 | Entered Level 4 of the Depths
 74940 | Depths:4 | Noticed Margery
 74948 | Depths:4 | Killed Margery
 75227 | Depths:4 | Found a gate to the Realm of Zot.
 76350 | Hell     | Entered the Vestibule of Hell
 76350 | Hell     | Noticed Geryon
 77318 | Hell     | Killed Geryon
 77579 | Depths:3 | Identified the ring of Meuluacs {^Contam rN+++ Will+ Int+5
                  | Dex-4}
 78402 | Slime:1  | Entered Level 1 of the Pits of Slime
 80602 | Slime:5  | Entered Level 5 of the Pits of Slime
 80860 | Slime:5  | Found a viscous altar of Jiyva.
 80880 | Slime:5  | Noticed the Royal Jelly
 81331 | Slime:5  | Killed the Royal Jelly
 81587 | Slime:5  | Got a slimy rune of Zot
 81613 | Slime:5  | Identified the ring of Denayhinn {rPois Str+3 Dex+3}
 81629 | Slime:5  | Identified the +0 spear "Undertaker" {flame, rN++ Str-4}
 81630 | Slime:5  | Identified the ring of Zyet {rElec EV+5 Int+5}
 81642 | Slime:5  | Identified the staff of Sumopenem {*Corrode rN++ Dex+5
                  | Earth}
 81680 | Slime:5  | Learned a level 1 spell: Apportation
 82027 | Zot:1    | Entered Level 1 of the Realm of Zot
 84541 | Zot:3    | Reached skill level 5 in Translocations
 85081 | Zot:3    | Reached skill level 5 in Spellcasting
 87145 | Zot:4    | Identified the ring of Toyhioloe {EV+5 Str+4}
 87421 | Zot:4    | Learned a level 2 spell: Lesser Beckoning
 87542 | Zot:5    | Entered Level 5 of the Realm of Zot
 89548 | Zot:5    | Noticed an orb of fire
 89557 | Zot:5    | Killed an orb of fire
 89562 | Zot:5    | Noticed an orb of fire
 89569 | Zot:5    | Killed an orb of fire
 89570 | Zot:5    | Noticed an orb of fire
 89583 | Zot:5    | Killed an orb of fire
 89635 | Zot:5    | Noticed a dread lich
 89642 | Zot:5    | Killed a dread lich
 89690 | Zot:5    | Noticed an ancient lich
 89701 | Zot:5    | Killed an ancient lich
 91166 | D:10     | You paid a toll of +3 shadow dragon scales to enter a
                  | treasure trove
 91167 | Trove    | Entered a treasure trove
 91171 | Trove    | Identified the orb "Tiveastri" {mayhem, rC++ Int+3}
 91172 | Trove    | Identified the +0 robe of Huwerhe {Regen+}
 91174 | Trove    | Identified the orb of the Furrier {guile, rPois}
 91176 | Trove    | Identified the +0 scale mail of the Keeping Gods {Int+5}
 91177 | Trove    | Identified the +0 pair of gloves of Kuereocw {Int+2}
 91178 | Trove    | Identified the +0 cloak "Rejeust" {rC+ Regen+ MP+9}
 91190 | Trove    | Identified the +1 helmet "Lathraci" {Will+}
 91191 | Trove    | Identified the +5 tower shield of Gosepaiw {rF- Regen+
                  | rCorr SInv}
 91192 | Trove    | Identified the +2 pair of boots of Cloud Cover {+Blink}
 91205 | Trove    | Identified the +2 pair of gloves of Mirth {rF+}
 91206 | Trove    | Identified the +6 tower shield of Farfalle {Fly Slay+2}
 91445 | Hell     | Found a gateway to the Iron City of Dis.
 91508 | Hell     | Found a gateway to the ashen valley of Gehenna.
 91707 | Hell     | Found a gateway to the decaying netherworld of Tartarus.
 91801 | Hell     | Found a gateway to the freezing wastes of Cocytus.
 91894 | Hell     | Learned a level 4 spell: Manifold Assault
 91913 | Depths:1 | Learned a level 4 spell: Passage of Golubria
 91961 | Depths:1 | Voluntarily entered the Abyss.
 91992 | Abyss:1  | Found a corrupted altar of Lugonu.
 92488 | Abyss:1  | Found a corrupted altar of Lugonu.
 92516 | Depths:1 | Escaped the Abyss
 92651 | Pan      | Entered Pandemonium
 93001 | Pan      | Identified the +5 plate armour of Iclezieso {rF+ SInv}
 93145 | Pan      | Noticed Feat the pandemonium lord
 93170 | Pan      | Killed Feat the pandemonium lord
 94089 | Pan      | Reached skill level 27 in Shields
 94143 | Pan      | Identified the +2 short sword of Diet Blood {venom, rElec
                  | rF+ rCorr Stlth-}
 94734 | Pan      | Identified the +8 long sword of Evil {freeze, *Corrode
                  | Str+5 Dex+4}
 94839 | Pan      | Noticed Ignacio
 94852 | Pan      | Killed Ignacio
 95430 | Pan      | Found an exit through the horrors of the Abyss.
 95716 | Pan      | Noticed Bunuol the pandemonium lord
 95743 | Pan      | Killed Bunuol the pandemonium lord
 95744 | Pan      | Reached skill level 10 in Translocations
 95873 | Pan      | Found an exit through the horrors of the Abyss.
 96677 | Pan      | Noticed Dutuis the pandemonium lord
 96691 | Pan      | Killed Dutuis the pandemonium lord
 97226 | Pan      | Noticed Suifoah the pandemonium lord
 97243 | Pan      | Killed Suifoah the pandemonium lord
 97302 | Pan      | Found an exit through the horrors of the Abyss.
 98385 | Pan      | Identified the +1 buckler of Haigisuc {rF+ rN+}
100669 | Pan      | Identified the ring of Doiseca {Fire rPois rN+ Will+++
                  | Stlth-}
101003 | Pan      | Identified the ring "Tihut" {Fly rCorr Dex+2 Slay+4}
101003 | Pan      | Noticed a seraph
101014 | Pan      | Killed a seraph
101025 | Pan      | Got a demonic rune of Zot
101029 | Pan      | Identified the amulet "Mabufuru" {Acrobat rElec Int+3}
101038 | Pan      | Identified the +8 rapier "Hellblazer" {drain, *Corrode rF+
                  | Str+3}
101080 | Pan      | Identified the +1 tower shield of Pathos {Int+3 Slay+2}
101275 | Depths:2 | Escaped Pandemonium
101277 | Pan      | Entered Pandemonium
101622 | Pan      | Found a runed translucent door.
101819 | Pan      | Noticed Ykhloul the pandemonium lord
101849 | Pan      | Killed Ykhloul the pandemonium lord
102297 | Pan      | Noticed Turolyx the pandemonium lord
102309 | Pan      | Killed Turolyx the pandemonium lord
102396 | Pan      | Found an exit through the horrors of the Abyss.
102860 | Pan      | Found a transporter.
102860 | Pan      | Found a transporter.
102978 | Pan      | Found a transporter.
102980 | Pan      | Found a transporter.
102984 | Pan      | Found a transporter.
102999 | Pan      | Identified the ring of Fuesk {Fly rElec Will+ Int+2}
103023 | Pan      | Identified the +1 hat of Iduiga {rC+}
103314 | Pan      | Found an exit through the horrors of the Abyss.
103496 | Pan      | Entered the realm of Cerebov.
104212 | Pan      | Reached skill level 15 in Fighting
104557 | Pan      | Found the +6 sword of Cerebov {flame}
104557 | Pan      | Noticed Cerebov
104602 | Pan      | Killed Cerebov
104829 | Pan      | Identified the +5 dire flail of a treasure trove {heavy,
                  | Fly rPois rN+++ Dex-2}
104836 | Pan      | Got the Discourse on Disjunct Transmogrification
104887 | Pan      | Identified the +0 cloak of Hedonism {Int+2}
104888 | Pan      | Identified the ring "Zuhyecikk" {rN+ Dex+3}
104944 | Pan      | Got a fiery rune of Zot
104962 | Pan      | Identified the scarf of Peek-a-Boo {harm, -Tele rF+ Stlth+}
105120 | Pan      | Entered the realm of Gloorx Vloq.
105949 | Pan      | Noticed Gloorx Vloq
105978 | Pan      | Killed Gloorx Vloq
106082 | Pan      | Got a dark rune of Zot
106334 | Pan      | Identified the +1 ring mail "Vieloena" {Rampage rF+ Int-3
                  | SInv}
106760 | Pan      | Found an exit through the horrors of the Abyss.
107002 | Pan      | Noticed Jiwkauxt the pandemonium lord
107007 | Pan      | Reached skill level 27 in Armour
107015 | Pan      | Killed Jiwkauxt the pandemonium lord
107310 | Pan      | Found an exit through the horrors of the Abyss.
107420 | Pan      | Noticed Beozef the pandemonium lord
107469 | Pan      | Killed Beozef the pandemonium lord
107860 | Pan      | Found an exit through the horrors of the Abyss.
107904 | Pan      | Entered the realm of Mnoleg.
108335 | Pan      | Noticed Mnoleg
108421 | Pan      | Killed Mnoleg
108717 | Pan      | Got a glowing rune of Zot
108759 | Pan      | Entered the realm of Lom Lobon.
109084 | Pan      | Found an exit through the horrors of the Abyss.
109541 | Pan      | Noticed Lom Lobon
109824 | Pan      | Got a magical rune of Zot
109844 | Pan      | Took an exit into the Abyss.
109844 | Abyss:1  | Escaped into the Abyss
110170 | Abyss:1  | Reached skill level 15 in Translocations
110808 | Abyss:1  | Found a corrupted altar of Lugonu.
110826 | Abyss:1  | Noticed an ancient lich
110848 | Abyss:1  | Killed an ancient lich
111175 | Abyss:1  | Found a corrupted altar of Lugonu.
111249 | Abyss:1  | Found a corrupted altar of Lugonu.
111358 | Abyss:1  | Found a broken altar of Ashenzari.
111424 | Abyss:1  | Paralysed by accursed screaming for 2 turns
111512 | Abyss:1  | Found a corrupted altar of Lugonu.
111634 | Abyss:2  | Found a corrupted altar of Lugonu.
111684 | Abyss:3  | Found a corrupted altar of Lugonu.
111729 | Abyss:3  | Got an abyssal rune of Zot
111774 | Depths:2 | Escaped the Abyss
111841 | Depths:2 | Killed a juggernaut
111842 | Depths:2 | Reached skill level 10 in Spellcasting
111886 | Depths:2 | Killed a juggernaut
111890 | Depths:2 | Got Byoses's Secrets of Curses
111988 | Geh:1    | Entered Level 1 of Gehenna
113975 | Geh:7    | Entered Level 7 of Gehenna
114513 | Geh:7    | Noticed a dread lich
114520 | Geh:7    | Killed a dread lich
115027 | Geh:7    | Identified the +5 glaive "Jitaax" {freeze, rF+}
115027 | Geh:7    | Identified the ring of the Devil {+Blink Int+6}
115389 | Geh:7    | Identified the +0 chain mail of the Guilds {rC+ rCorr Str-5
                  | Int+3}
115391 | Geh:7    | Identified the +0 leather armour "Hataucw" {rF+++ Int+5}
115447 | Geh:7    | Found the +13 sceptre of Asmodeus
115447 | Geh:7    | Noticed Asmodeus
115477 | Geh:7    | Killed Asmodeus
115510 | Geh:7    | Got an obsidian rune of Zot
115511 | Geh:7    | Identified the staff "Juutwaf" {rPois rF- Int-2 Dex+6 Conj
                  | Alchemy}
115662 | Tar:1    | Entered Level 1 of Tartarus
116398 | Tar:2    | You are sucked into a shaft and drop 2 floors!
116897 | Tar:7    | Entered Level 7 of Tartarus
116948 | Tar:7    | Noticed a dread lich
116956 | Tar:7    | Killed a dread lich
117053 | Tar:7    | Noticed a dread lich
117068 | Tar:7    | Killed a dread lich
117479 | Tar:7    | Reached skill level 15 in Throwing
117588 | Tar:7    | Found the +4 Cigotuvi's embrace {Corpsefed rMiasma ^Drain
                  | rN+}
117620 | Tar:7    | Learned a level 2 spell: Blink
117650 | Tar:7    | Noticed a dread lich
117663 | Tar:7    | Killed a dread lich
118002 | Tar:7    | Noticed the Serpent of Hell
118026 | Tar:7    | Killed the Serpent of Hell
119130 | Tar:7    | Noticed Ereshkigal
119159 | Tar:7    | Killed Ereshkigal
119192 | Tar:7    | Got a bone rune of Zot
119342 | Coc:1    | Entered Level 1 of Cocytus
120794 | Coc:6    | Paralysed by a wendigo for 1 turns
120802 | Coc:6    | Paralysed by a wendigo for 1 turns
121119 | Coc:7    | Entered Level 7 of Cocytus
121638 | Coc:7    | Noticed an ancient lich
121653 | Coc:7    | Killed an ancient lich
122508 | Coc:7    | Identified the +4 orcbow "Vudulied" {heavy, ^Drain +Blink
                  | rPois rCorr}
122693 | Coc:7    | Paralysed by a wendigo for 1 turns
122702 | Coc:7    | Paralysed by a wendigo for 1 turns
122905 | Coc:7    | Noticed Antaeus
122944 | Coc:7    | Killed Antaeus
122945 | Coc:7    | Reached skill level 27 in Fighting
123070 | Coc:7    | Found the +11 Singing Sword {sonic wave}
123074 | Coc:7    | Identified the +3 hat of the Forest {rElec Dex-5 Slay+3}
123081 | Coc:7    | Got an icy rune of Zot
123231 | Dis:1    | Entered Level 1 of the Iron City of Dis
123448 | Dis:1    | You are sucked into a shaft and drop 1 floor!
123780 | Dis:3    | Reached skill level 15 in Evocations
124784 | Dis:7    | Entered Level 7 of the Iron City of Dis
125422 | Dis:7    | Noticed a juggernaut
125440 | Dis:7    | Killed a juggernaut
126003 | Dis:7    | Noticed a juggernaut
126004 | Dis:7    | Identified the staff of Goapech {rElec rC+ Int-3 Dex+3 Air}
126018 | Dis:7    | Killed a juggernaut
126389 | Dis:7    | Identified the +4 ring mail of Patterns {*Corrode rN++
                  | Int+4}
127146 | Dis:7    | Noticed a juggernaut
127160 | Dis:7    | Killed a juggernaut
127965 | Dis:7    | Identified the ring of Arpheceq {Wiz Stlth+}
127965 | Dis:7    | Noticed Dispater
128729 | Dis:7    | Killed Dispater
128742 | Dis:7    | Identified the +2 robe "Ameuh" {rElec rPois Will+++ Int-2}
128746 | Dis:7    | Got an iron rune of Zot
129061 | Zot:5    | Got the Orb of Zot
129104 | Zot:3    | Noticed a seraph
129610 | D:$      | Escaped with the Orb!

Illustrated notes

Levels and vault maps discovered:
D:1:      sevenhm_arrival_forest_fort_small_5, layout_basic, chequers_avenue
D:2:      layout_loops_cross, serial_shops, nicolae_shop_advertising_works
          [nicolae_subvault_shop_adworks]
D:3:      layout_loops_ring, nicolae_ecumenical_lake_church, minmay_circle_x,
          uniq_grinder, uniq_ijyb
D:4:      layout_layer_cave, marbit_many_paths,
          worldfamousw_hep_ancestral_shrine, minmay_temple_entry_tees,
          uniq_robin, uniq_blork_the_orc
D:5:      corexii_shantytown, layout_loops_ring, slow_altar_1,
          nicolae_yredelemnul_corpse_copse, enter_ossuary_3, serial_shops,
          nicolae_shop_stone
D:6:      layout_rooms, uniq_prince_ribbit1
D:7:      layout_loops_ring, item_on_display_a
D:8:      layout_cave_pools, grunt_ministairs_9
D:9:      layout_loops_cross, nicolae_gozag_seed_capital,
          mainiacjoe_overflow_alcove_4, gammafunk_ghost_spectres, uniq_erica
D:10:     layout_loops_cross, nicolae_trove_entry_crossroad
D:11:     minmay_clustersquares, layout_irregular_city, lair_entry_dummy,
          serial_shops, nicolae_shop_dealshenge, shop, shop
D:12:     layout_stronghold, orc_0_dummy, chequers_serial_rivers_micro_c
D:13:     layout_gridville, special_room [special_room_bee], feat_on_display
D:14:     layout_loops_ring, grunt_vaults_entry_fortified,
          nicolae_concentric_dashed_squares_wild
D:15:     grunt_enter_depths_snipers, layout_basic,
          nicolae_kite_square_tiling_tiny, serial_curves, eino_curves_03,
          eino_curves_02, eino_curves_02, hex_intersection
Temple:   nicolae_temple_superstar
Lair:1:   layout_small_grid, nicolae_volcano_entry_s_turn, tgw_fedhas,
          infiniplex_staircase_pool_2, uniq_sonja, uniq_jeremiah
Lair:2:   layout_chaotic_city, gammafunk_ghost_ooze
Lair:3:   hellmonk_destroyed_diamonds, layout_chaotic_city,
          minmay_shoals_entry_lonely_mermaid, guppyfry_snake_entry_island,
          infiniplex_staircase_pool, uniq_snorg
Lair:4:   layout_big_grid, nicolae_slime_entry_field_trip,
          serial_bayou_lagoon_a, beast_lair_carwin_7, serial_bayou_shore_b
Lair:5:   gammafunk_lair_ancient_temple, layout_loops_ring, lemuel_fruit_fields
Shoals:1: layout_shoals, uniq_frances, uniq_nikola
Shoals:2: layout_shoals, nicolae_shoals_former_cling_halls, uniq_polyphemus,
          uniq_jorgrun
Shoals:3: cheibrodos_shoals_satyrical_garden, layout_shoals
Shoals:4: shoals_end_simple, layout_shoals, shoals_ilsuiw_ice
Snake:1:  layout_basic, hellmonk_ghost_happy_afterlife, serial_bayou_shore_b
Snake:2:  layout_cave_shapes, minmay_shop_grove, uniq_louise
Snake:3:  layout_layer_cave, gammafunk_ghost_necromancy, grunt_megastairs_2
Snake:4:  johnstein_snake_rune_scales, layout_onion, st_stairs_5, uniq_agnes
Slime:1:  layout_caves, special_room [special_room_jelly]
Slime:2:  layout_caves, cheibrodos_slime_lost_civilization_7
Slime:3:  cheibrodos_slime_lost_civilization_9, layout_caves, uniq_dissolution
Slime:4:  layout_caves, nicolae_slime_ancient_tower_intersection,
          nicolae_slime_rock_hall_of_fame
Slime:5:  slime_pit_nicolae_jellycorners
Orc:1:    layout_caves, basic_altar
Orc:2:    pubby_orc_utopia
Elf:1:    nicolae_elf_arrival_aired_out, layout_geoelf_grid,
          hellmonk_ghost_big_iron, nicolae_elf_shapeshifter_party, uniq_asterion
Elf:2:    nicolae_elf_blades_splatter_lattice [mumra_blade_entry_dagger],
          layout_rooms, serial_shops, nicolae_shop_real_fake_doors,
          portal_ice_cave_entry_pillars_four, ebering_ghost_gozag
Elf:3:    grunt_elf_hall_asides, layout_rooms
Vaults:1: vaults_room_semicircle, nicolae_vaults_tetromino_T_1,
          nicolae_vaults_specimen_jars, hangedman_vaults_maws,
          ontoclasm_vaults_spin, v_alt_pattern_1, nicolae_vaults_trapezoid_1,
          nicolae_vaults_heart-shaped_vault,
          nicolae_vaults_door_testing_chamber, vaults_room_grunt_arrival_ludios,
          v_pattern_1, nicolae_vaults_variable_pillar_hall_cross,
          layout_vaults_omnicross, serial_shops, nicolae_square_shop
Vaults:2: nicolae_vaults_storage_closets_2, nicolae_vaults_little_ls, v_misc_31,
          nicolae_vaults_closet_pinwheel_5, nicolae_vaults_octothorpe,
          vaults_room_hangedman_quadrants, v_misc_1, vaults_dpeg_cross,
          nicolae_vaults_tetromino_T_2, nicolae_vaults_cornered_office,
          vaults_room_corners, vaults_room_semicircle,
          nicolae_vaults_little_squares_5, ontoclasm_vaults_bender,
          vaults_room_pool, layout_vaults_maze, uniq_donald
Vaults:3: st_greater_box_2, nicolae_vaults_closet_pinwheel_1,
          minmay_crypt_entry_skeletal_spiral, nicolae_vaults_double_plus_1,
          dpeg_vaults_monster_box, nicolae_vaults_storage_room_doors,
          nicolae_vaults_double_plus_2, nicolae_vaults_storage_closets_1,
          hangedman_vaults_maws, hangedman_vaults_cutoff,
          layout_vaults_big_room, serial_shops, nicolae_shop_mannequins,
          uniq_xtahua
Vaults:4: nicolae_vaults_house_3, nicolae_vaults_layer_cake_slice,
          vaults_room_semicircle, nicolae_vaults_doubleplus_tesselated,
          v_misc_14, vaults_dpeg_ring, nicolae_vaults_house_2, serial_ice_g,
          nicolae_vaults_mini_display_case, layout_vaults_quadrants, uniq_sojobo
Vaults:5
Crypt:1:  layout_regular_city, nicolae_crypt_ancient_font, uniq_mennas
Crypt:2:  layout_chaotic_city, st_stairs_9, uniq_josephina
Crypt:3:  due_elkab, layout_chaotic_city, tomb_entry_shell_bobbens, uniq_zenata,
          uniq_jory
Tomb:1
Tomb:2
Tomb:3
Depths:1: layout_gridlike, enter_ziggurat_e, serial_sigils_hangedman_leer,
          abyss_entry_glasseish, pf_hell_entry_tar_spiral,
          chequers_decorated_corner, ashenzari_conservatory_becter
Depths:2: minmay_gate_of_8, layout_gridville, pan_entry,
          nemelex_spade_bored_becter, grunt_hell_entry_demonic_statue,
          nicolae_qazlal_general_emergency
Depths:3: hellmonk_hyper_hexagons [hex_subvault_roundabout,
          hex_subvault_open_curves, hex_subvault_empty, hex_subvault_bell,
          hex_subvault_channel, hex_subvault_narrow, hex_subvault_rooms],
          hell_entry, abyss_entry, uniq_norris
Depths:4: grunt_zot_entry_pinwheel, layout_gridlike, hangedman_decor_riveting,
          grunt_hell_entry_dis_old, nicolae_triple_integral,
          infiniplex_staircase_pool_lava, uniq_margery
Hell
Dis:1:    layout_gridville, nicolae_hells_seeping_fissure
Dis:2:    layout_jigsaw
Dis:3:    layout_subdivisions, nicolae_hells_fiendish_ambush
Dis:4:    layout_gridville
Dis:5:    layout_subdivisions
Dis:6:    layout_regular_city
Dis:7:    dis_grunt_layers
Geh:1:    layout_gehenna_pools_triple, nicolae_geh_gnashing_of_teeth
Geh:2:    layout_gehenna_lava_caves
Geh:3:    layout_gehenna_pools_box
Geh:4:    layout_gehenna_pools_triple
Geh:5:    layout_gehenna_pools_basic
Geh:6:    layout_gehenna_pools_triple
Geh:7:    geh_grunt_pentagon
Coc:1:    layout_ice_bergs
Coc:2:    layout_cocytus_water_paths
Coc:3:    layout_cocytus_water_paths
Coc:4:    layout_cocytus_water_paths
Coc:5:    layout_cocytus_water_paths
Coc:6:    layout_cocytus_delve
Coc:7:    coc_grunt
Tar:1:    layout_catacombs
Tar:2:    layout_grid_maze, nicolae_tar_honey_chapel
Tar:4:    layout_catacombs
Tar:5:    layout_cathedral_of_symmetry
Tar:6:    layout_honeycomb
Tar:7:    tar_old
Zot:1:    layout_gridlike, regret_index_zotdec_banners
Zot:2:    layout_gridlike, hangedman_zot_decor_unnerving_road
Zot:3:    layout_cathedral_of_symmetry, hangedman_zot_decor_tridents,
          grunt_megastairs_5
Zot:4:    layout_basic, st_single_dragon_hoard_4, nicolae_lava_and_water,
          hangedman_elemental_corridor
Zot:5:    layout_basic, regret_index_zotdec_onion_hex

Skill      XL: |  1  2  3  4  5  6  7  8  9 10 11 12 13 14 15 16 17 18 19 20 21 22 23 24 25 26 27 |
---------------+----------------------------------------------------------------------------------+-----
Unarmed Combat | 4 6 7 8 10 12 14 15 17 18 20 21 22 23 24 25 27 | 27.0
Fighting       | 4 5 6 7 8 9 10 11 27 | 27.0
Armour         | 1 3 4 6 7 8 9 10 11 12 13 14 15 16 17 18 19 27 | 27.0
Evocations     | 1 3 5 7 8 9 10 11 12 18 | 18.0
Dodging        | 0 |  0.0
Shields        | 2 3 4 7 8 10 12 15 16 18 19 20 22 27 | 27.0
Throwing       | 2 5 7 9 19 | 19.8
Translocations | 3 16 | 16.1
Spellcasting   | 3 11 | 11.3

Action                     |  1- 3 |  4- 6 |  7- 9 | 10-12 | 13-15 | 16-18 | 19-21 | 22-24 | 25-27 || total
---------------------------+-------+-------+-------+-------+-------+-------+-------+-------+-------++-------
  Melee: Unarmed           |    71 |   125 |   322 |   499 |  1099 |  1307 |  1529 |  1646 | 11670 || 18268
  Throw: Dart              |       |       |       |     2 |    10 |     2 |       |     5 |     1 ||    20
         Javelin           |       |       |       |       |       |       |       |       |    23 ||    23
   Cast: Manifold Assault  |       |       |       |       |       |       |       |       |    70 ||    70
         Lesser Beckoning  |       |       |       |       |       |       |       |       |     7 ||     7
         Apportation       |       |       |       |       |       |       |       |       |     5 ||     5
         Blink             |       |       |       |       |       |       |       |       |     2 ||     2
         Passage of Golubr |       |       |       |       |       |       |       |       |     1 ||     1
 Invoke: Sacrifice Resista |       |     1 |       |       |       |       |       |       |       ||     1
         Sacrifice Skill   |       |       |     1 |       |       |       |       |       |       ||     1
         Draw Out Power    |       |       |     2 |     1 |     2 |     2 |     3 |     3 |     9 ||    22
         Sacrifice Stealth |       |       |     1 |       |       |       |       |       |       ||     1
         Power Leap        |       |       |       |     6 |     3 |     4 |     4 |     4 |     9 ||    30
         Sacrifice Essence |       |       |       |     1 |       |       |       |       |       ||     1
         Apocalypse        |       |       |       |     3 |     5 |     2 |     3 |     6 |    35 ||    54
         Sacrifice Purity  |       |       |       |     1 |       |       |       |       |       ||     1
         Sacrifice Arcana  |       |       |       |     1 |       |       |       |       |       ||     1
         Sacrifice Nimblen |       |       |       |       |     1 |       |       |       |       ||     1
  Evoke: Wand              |       |       |     3 |     6 |    13 |    19 |     2 |     1 |    35 ||    79
         Phial of floods   |       |       |       |       |       |     1 |       |     1 |     1 ||     3
         Horn of Geryon    |       |       |       |       |       |       |       |       |     5 ||     5
         Box of beasts     |       |       |       |       |       |       |       |       |     3 ||     3
         Phantom mirror    |       |       |       |       |       |       |       |       |     3 ||     3
    Use: Scroll            |       |     2 |     2 |    12 |    11 |     5 |     5 |    12 |    39 ||    88
         Potion            |       |       |       |     1 |     7 |       |       |     4 |    31 ||    43
   Stab: Invisible         |       |       |     2 |     3 |     8 |    14 |     8 |     3 |    60 ||    98
         Distracted        |       |       |     1 |     5 |    10 |     5 |     8 |    11 |    50 ||    90
         Paralysed         |       |       |       |     7 |    25 |     5 |    11 |    15 |   115 ||   178
         Petrified         |       |       |       |       |       |     4 |       |       |       ||     4
 Armour: Robe              |    42 |    49 |       |       |       |       |       |       |       ||    91
         Scale mail        |       |     4 |    21 |       |       |       |       |       |       ||    25
         Chain mail        |       |       |   188 |   265 |   666 |   814 |   581 |       |       ||  2514
         Plate armour      |       |       |       |   112 |       |       |    28 |    90 |       ||   230
         Gold dragon scale |       |       |       |       |       |       |       |   562 |  3867 ||  4429
  Dodge: Dodged            |    39 |    82 |    98 |   154 |   340 |   313 |   194 |   117 |   917 ||  2254
  Block: Buckler           |       |       |       |       |   215 |    81 |       |       |       ||   296
         Tower shield      |       |       |       |       |       |   797 |   817 |   927 |  8172 || 10713

Table legend: (Time is in decaauts)
 A = Elapsed time spent in this place.
 B = Non-inter-level travel time spent in this place.
 C = Inter-level travel time spent in this place.
 D = Time resting spent in this place.
 E = Time spent auto-exploring this place.
 F = Levels seen in this place.
 G = Mean time per level.
                   A        B        C        D        E       F      G
               +--------+--------+--------+--------+--------+-----+--------+
         Total | 122066 | 114986 |   7080 |  25262 |  57643 | 116 | 1052.3 |
       Dungeon |  17091 |  15073 |   2018 |   2000 |   9606 |  15 | 1139.4 |
        Temple |     24 |     24 |      0 |      0 |      0 |   1 |   24.0 |
          Lair |   6890 |   6270 |    620 |   1156 |   3813 |   5 | 1378.0 |
        Shoals |   7369 |   7188 |    181 |   2129 |   3234 |   4 | 1842.2 |
     Snake Pit |   5879 |   5671 |    208 |    591 |   4110 |   4 | 1469.8 |
    Slime Pits |   2799 |   2714 |     85 |    420 |   1087 |   5 |  559.8 |
  Orcish Mines |   3498 |   3317 |    181 |    732 |   1474 |   2 | 1749.0 |
   Elven Halls |   4257 |   4114 |    143 |   1054 |   1889 |   3 | 1419.0 |
        Vaults |  12392 |  11603 |    789 |   3244 |   5631 |   5 | 2478.4 |
         Crypt |   5214 |   4802 |    412 |   1242 |   2352 |   3 | 1738.0 |
          Tomb |   4624 |   4451 |    173 |   1711 |   1184 |   3 | 1541.3 |
        Depths |   8763 |   7817 |    946 |   2567 |   3671 |   4 | 2190.8 |
          Hell |    776 |    638 |    138 |     10 |    308 |   1 |  776.0 |
           Dis |   5094 |   4841 |    253 |   1529 |   1549 |   7 |  727.7 |
       Gehenna |   3252 |   3137 |    115 |    341 |   1723 |   7 |  464.6 |
       Cocytus |   3511 |   3397 |    114 |    730 |   1522 |   7 |  501.6 |
      Tartarus |   3397 |   3261 |    136 |   1039 |   1345 |   6 |  566.2 |
           Zot |   8648 |   8086 |    562 |   2678 |   3778 |   5 | 1729.6 |
         Abyss |   2160 |   2160 |      0 |      0 |   1375 |   4 |  540.0 |
   Pandemonium |  14926 |  14926 |      0 |   1359 |   7715 |  22 |  678.5 |
         Trove |     74 |     74 |      0 |      0 |      1 |   1 |   74.0 |
      Ice Cave |    454 |    454 |      0 |    212 |     71 |   1 |  454.0 |
       Volcano |    964 |    964 |      0 |    511 |    203 |   1 |  964.0 |
               +--------+--------+--------+--------+--------+-----+--------+

Top non-repeatable levels by time:
Vaults:4: 4390 daAuts
   Dis:7: 3747 daAuts
Depths:3: 3560 daAuts
   Zot:5: 3220 daAuts
   Orc:2: 3000 daAuts
Vaults:3: 2953 daAuts
 Crypt:3: 2681 daAuts
Shoals:3: 2397 daAuts
Vaults:2: 2324 daAuts
   Zot:3: 2292 daAuts
   Tar:7: 2255 daAuts
Depths:2: 2213 daAuts
  Tomb:1: 2091 daAuts
 Abyss:1: 2006 daAuts
 Snake:3: 1968 daAuts
